Description

Standard macro opening.

After the opening, the important investments are:

  • Evo chamber
  • 5x Gases
  • Lair
  • Baneling nest
  • 4th, 5th, 6th base
  • More Queens

Build Order

Get SALT Encoding   

  13  0:01  Action Send ovie to opp nat, queue to high ground  
  13  0:12  Overlord Rally to nat to scout cannon rush  
  16  0:49  Hatchery  
  18  1:09  Extractor  
  17  1:15  Spawning Pool Rally next 3 drones to gas  
  18  1:25  Action Send nat ovie into opp main to scout  
  20  1:51  Overlord Rally outside creep watch for attacks  
  20  1:59  Queen x2  
  24  2:00  Zergling x4 2 lings chase out probe, 2 lings setup runby  
  28  2:13  Metabolic Boost  
  30  2:35  Hatchery  
  29  2:38  Action Nat queen make tumor, main queen inject  
  32  2:48  Overlord  
  32  2:55  Queen  
  36  3:10  Action Nat queen make tumour, main queen inject  
  40  3:12  Overlord  
  42  3:25  Queen  
  44  3:30  Spore Crawler x3 Cut if no stargate  
  41  3:40  Roach Warren  
  41  3:34  Action Inject with new nat queen  
Spawning Tool Build Advisor. Get it on Overwolf

Go to:

Details

  • Created by: siowy
  • Published on: Jul 18, 2020
  • Modified on: Jul 19, 2020
  • Patch: 4.11.0
  • Difficulty: Medium
Show
View Real Time Build Order
Export as new Build Order

Comments (1)

On Aug. 19, 2020, 4:39 p.m., Leckatall  said:

you could cut 2 pairs of lings and get your 3rd up 20 seconds earlier

Create an account to comment!